 Dungeon Crawl Stone Soup version 0.31-a0-1467-g53b6572822 (webtiles) character file.

Game seed: 3691234997063125927

815 senseless the Trooper (level 7, -6/56 (64) HPs)
             Began as a Minotaur Berserker on Dec 28, 2023.
             Was a Priest of Trog.
             Killed by divine providence
             ... invoked by Jeremiah
              (12 damage)
             ... on level 6 of the Dungeon.
             The game lasted 00:08:07 (3694 turns).

senseless the Trooper (Minotaur Berserker)          Turns: 3694, Time: 00:08:08

HP:   -6/56 (64)    AC: 18    Str: 27    XL:     7   Next: 62%
MP:   15/15         EV:  8    Int:  4    God:    Trog [***...]
Gold: 359           SH:  0    Dex: 10    Spells: 6/6 levels left

rFire   . . .        a - +4 hand axe (freeze)
rCold   . . .        (no shield)
rNeg    + . .        f - +1 plate armour
rPois   .            (helmet restricted)
rElec   .            l - scarf {repulsion}
rCorr   .            c - +0 pair of gloves
SInv    .            (no boots)
Will    .....        (no amulet) Stlth
                     o - +4 ring of protection
HPRegen 0.29/turn    m - ring "Inidigas" {rN+ MP+9 Str+4}
MPRegen 0.14/turn

%: repel missiles
@: studying Fighting, heavily drained
A: horns 2, retaliatory headbutt
a: Renounce Religion, Berserk, Trog's Hand


You were on level 6 of the Dungeon.
You worshipped Trog.
Trog was most pleased with you.
You visited 1 branch of the dungeon, and saw 6 of its levels.
You also visited: Ossuary.

You collected 359 gold pieces.

Inventory:

Hand Weapons
 a - a +4 hand axe of freezing (weapon)
Armour
 c - a +0 pair of gloves (worn)
 f - a +1 plate armour (worn)
 l - a scarf of repulsion (worn)
Jewellery
 k - a ring of poison resistance
 m - the ring "Inidigas" (right hand) {rN+ MP+9 Str+4}
   (You acquired it on level 4 of the Dungeon)

   [ring of positive energy]

   Str+4:     It affects your strength (+4).
   rN+:       It protects you from negative energy.
   MP+9:      It affects your magic capacity (+9).
 o - a +4 ring of protection (left hand)
 x - an amulet of magic regeneration
Wands
 e - a wand of light (8)
 h - a wand of roots (3)
 v - a wand of mindburst (17)
 w - a wand of paralysis (11)
Scrolls
 j - a scroll of immolation
 n - 2 scrolls of amnesia
Potions
 b - a potion of enlightenment {unknown}
 d - a potion of degeneration {unknown}
 g - 5 potions of heal wounds
 i - 5 potions of curing
 q - 3 potions of cancellation
 r - a potion of might {unknown}
 s - 2 potions of brilliance
 u - a potion of resistance {unknown}


   Skills:
 + Level 6.8 Fighting
 + Level 6.3 Axes
 + Level 5.6 Armour
 + Level 5.0 Dodging


You had 6 spell levels left.
You didn't know any spells.
Your spell library was empty.

Dungeon Overview and Level Annotations

Branches:
Dungeon (6/15)            Ossuary (visited)
 Temple: D:4-7

Altars:
Makhleb

Annotations:
D:6 Jeremiah


Innate Abilities, Weirdness & Mutations

You have a pair of horns on your head.
You reflexively headbutt those who attack you in melee.


Message History

You partially resist.
You feel drained.
The gnoll sergeant hits you from afar with a +3 spear.
The butterfly disappears in a burst of colours! x3
The black bear bites you but does no damage.
The black bear closely misses you. The black bear claws you.
Jeremiah hops!
The gnoll sergeant hits you with a +3 spear.
The black bear bites you.
* * * LOW HITPOINT WARNING * * *
The black bear claws you but does no damage. x2
The gnoll sergeant closely misses you.
There is an open door here.
The black bear attacks as it pursues you!
The black bear closely misses you. The black bear barely misses you.
The black bear claws you but does no damage.
Jeremiah hops!
You are too injured to fight recklessly!
The black bear bites you but does no damage.
The black bear claws you but does no damage. x2
You barely miss the black bear.
The gnoll sergeant hits you but does no damage.
The black bear bites you but does no damage.
The black bear claws you but does no damage.
The black bear claws you.
* * * LOW HITPOINT WARNING * * *
You closely miss the black bear. Your headbutt misses the black bear.
The gnoll sergeant hits you from afar with a +3 spear!
* * * LOW HITPOINT WARNING * * *
The black bear closely misses you. You furiously retaliate!
You headbutt the black bear. The black bear barely misses you.
The black bear claws you but does no damage.
You hear the slow rusting of a very distant drain.
The black bear attacks as it pursues you!
The black bear bites you but does no damage.
The black bear claws you but does no damage.
The black bear claws you.
* * * LOW HITPOINT WARNING * * *
Jeremiah shouts, "O dreadful one, destroy my foe!"
Something smites you!
You die...
Jeremiah asks, "Is it over?
Can I wake up now?"

#.# #.#
.:..##.#######.#
#.#....<.......#
...........####.
##.....###.###.#
##.... #....#
#....###.###.#
.##.##.?...#
....#...@.########
........h##........
##....g.##.........
#......##.....b...
#...bb###......b..
#....F###.........
....#.....#../..[...
#########.g.b..bb≈..
#...##b..b.....


You could see Jeremiah, a black bear and a gnoll sergeant.

Vanquished Creatures
  A black bear (D:4)
  An ogre (D:5)
  A scorpion (D:3)
  A bombardier beetle (D:4)
  2 human zombies (Ossuary)
  A jelly (D:5)
  An orc priest (D:3)
  3 hounds (D:5)
  Ijyb (D:4)
  An iguana (D:4)
  An orc wizard (D:3)
  A hound zombie (Ossuary)
  4 mummies (Ossuary)
  4 gnolls
  4 adders
  A shadow imp (D:5)
  A white imp (D:5)
  An adder zombie (Ossuary)
  4 worms
  3 dart slugs
  8 orcs
  7 endoplasms
  6 giant cockroaches
  2 gnoll zombies (Ossuary)
  4 goblins (D:1)
  6 hobgoblins
  2 jackals (D:3)
  4 quokkas
  4 ball pythons
  3 bats
  2 frilled lizards (D:2)
  A goblin zombie (Ossuary)
  A hobgoblin zombie (Ossuary)
  2 jackal zombies (Ossuary)
  4 kobolds
  2 orc zombies (Ossuary)
  10 rats
105 creatures vanquished.

Notes
Turn   | Place    | Note
-------+----------+-------------------------------------------
     0 | D:1      | senseless the Minotaur Berserker began the quest for the
                  | Orb.
     0 | D:1      | Reached XP level 1. HP: 19/19 MP: 0/0
   214 | D:1      | Reached XP level 2. HP: 27/27 MP: 1/1
   461 | D:1      | Reached ** piety under Trog
   647 | D:2      | Reached XP level 3. HP: 31/33 MP: 2/2
   677 | D:2      | Found a faded altar of an unknown god.
   813 | D:2      | Reached XP level 4. HP: 35/41 MP: 3/3
  1318 | D:3      | Reached XP level 5. HP: 38/47 MP: 4/4
  1326 | D:3      | Reached *** piety under Trog
  1495 | D:3      | You fall into a shaft and drop 2 floors!
  1495 | D:5      | Entered Level 5 of the Dungeon
  1563 | D:5      | Noticed an ogre
  1566 | D:5      | Killed an ogre
  1567 | D:5      | Reached skill level 5 in Fighting
  1567 | D:5      | Reached skill level 5 in Axes
  1567 | D:5      | Reached XP level 6. HP: 56/56 MP: 5/5
  1843 | D:4      | Noticed Ijyb
  1854 | D:4      | Killed Ijyb
  1912 | D:4      | Found a sand-covered staircase.
  1927 | Ossuary  | Entered an ossuary
  2160 | Ossuary  | Reached skill level 5 in Armour
  2285 | Ossuary  | Reached XP level 7. HP: 49/62 MP: 6/6
  2364 | D:4      | Identified 2 scrolls of acquirement
  2364 | D:4      | Acquired the ring "Inidigas" {rN+ MP+9 Str+4}
  2365 | D:4      | Acquired a manual of Fighting
  3027 | D:3      | Found a burning altar of Makhleb.
  3124 | D:3      | Reached skill level 5 in Dodging
  3664 | D:6      | Noticed Jeremiah
  3694 | D:6      | Killed from afar by Jeremiah

Illustrated notes

Levels and vault maps discovered:
D:1:      minmay_arrival_wavy_path, layout_basic
D:2:      layout_rooms, ebering_ecumenical_altar_petrified,
          minmay_close_crescents
D:3:      cheibrodos_helix_gallery, layout_rooms,
          mainiacjoe_overflow_concentric_impassable
D:4:      layout_rooms, nicolae_ossuary_entry_monument,
          minmay_misc_feat_secret_circle, minmay_pentomino_pile, uniq_ijyb
D:5:      layout_loops_ring, minmay_crystal_room
D:6:      layout_loops_cross, minitemple, temple_green,
          cheibrodos_sewer_entry_bend, hangedman_decor_opposing, hex_large,
          kennysheep_generic_room_16, uniq_crazy_yiuf_cottage, uniq_jeremiah

Skill      XL: |  1  2  3  4  5  6  7 |
---------------+----------------------+-----
Fighting       | 4 5 6 |  6.8
Axes           | 4 5 6 |  6.3
Armour         | 3 4 5 |  5.6
Dodging        | 3 4 5 |  5.0

Action                     |  1- 3 |  4- 6 |  7- 9 || total
---------------------------+-------+-------+-------++-------
  Melee: Hand axe          |    80 |   108 |    51 ||   239
         Headbutt          |    12 |    19 |    10 ||    41
         Punch             |       |     2 |       ||     2
 Invoke: Berserk           |       |     2 |       ||     2
    Use: Scroll            |       |    10 |     9 ||    19
         Potion            |       |       |     1 ||     1
 Armour: Animal skin       |     9 |       |       ||     9
         Scale mail        |    18 |       |       ||    18
         Plate armour      |    43 |    94 |    74 ||   211
  Dodge: Dodged            |    44 |    30 |    20 ||    94
         Repelled          |       |       |     1 ||     1

Table legend: (Time is in decaauts)
 A = Elapsed time spent in this place.
 B = Non-inter-level travel time spent in this place.
 C = Inter-level travel time spent in this place.
 D = Time resting spent in this place.
 E = Time spent auto-exploring this place.
 F = Levels seen in this place.
 G = Mean time per level.
                   A        B        C        D        E       F      G
               +--------+--------+--------+--------+--------+-----+--------+
         Total |   3726 |   3574 |    152 |    127 |   2678 |   7 |  532.3 |
       Dungeon |   3286 |   3134 |    152 |     84 |   2359 |   6 |  547.7 |
       Ossuary |    439 |    439 |      0 |     42 |    319 |   1 |  439.0 |
               +--------+--------+--------+--------+--------+-----+--------+

Top non-repeatable levels by time:
     D:4: 758 daAuts
     D:5: 686 daAuts
     D:1: 640 daAuts
     D:2: 600 daAuts
     D:3: 549 daAuts
 Ossuary: 439 daAuts
     D:6: 51 daAuts
